 Dungeon Crawl Stone Soup version 0.29.1-13-g9f3cf754e1 (webtiles) character file.

Game seed: 17850826616055083872

300 Kold the Digger (level 6, -1/32 HPs)
             Began as a Gargoyle Earth Elementalist on Jan 31, 2023.
             Slain by Edmund
             ... wielding a +3 dire flail of holy wrath
              (13 damage)
             ... on level 4 of the Dungeon.
             The game lasted 00:04:52 (3425 turns).

Kold the Digger (Gargoyle Earth Elementalist)       Turns: 3425, Time: 00:04:53

Health: -1/32      AC:  7    Str: 11    XL:     6   Next: 36%
Magic:  1/9        EV: 12    Int: 24    God:
Gold:   128        SH:  0    Dex: 10    Spells: 5/9 levels left

rFire   . . .      SeeInvis .   g - staff of conjuration
rCold   . . .      Faith    .   (no shield)
rNeg    + . .      Spirit   .   a - +0 robe
rPois   ∞          Reflect  .   (no helmet)
rElec   +          Harm     .   (no cloak)
rCorr   .          Rampage  .   (no gloves)
Will    .....                   o - +0 pair of boots
Stlth   ++........              (no amulet)
HPRegen 0.10/turn               p - +6 ring of intelligence
MPRegen 0.11/turn               (no ring)

@: about to teleport
A: sickness immunity, AC +4, negative energy resistance 1, electricity
resistance, torment resistance 1, petrification resistance
a: no special abilities


You were on level 4 of the Dungeon.
You visited 1 branch of the dungeon, and saw 5 of its levels.

You collected 128 gold pieces.

Inventory:

Hand Weapons
 c - a +0 dagger
Armour
 a - a +0 robe (worn)
 o - a +0 pair of boots (worn)
Magical Staves
 g - a staff of conjuration (weapon)
Jewellery
 p - a +6 ring of intelligence (left hand)
Scrolls
 e - 5 scrolls of identify {unknown}
 f - a scroll of magic mapping {unknown}
 h - 2 scrolls of teleportation
 j - a scroll of fear {unknown}
 l - a scroll of amnesia {unknown}
 m - a scroll of enchant weapon {unknown}
 n - a scroll of immolation {unknown}
 q - a scroll of torment {unknown}
 t - a scroll of brand weapon {unknown}
Potions
 b - a potion of magic
 d - a potion of haste {unknown}
 i - 2 potions of curing {unknown}
 k - 2 potions of berserk rage {unknown}
 r - a potion of cancellation {unknown}
 s - a potion of brilliance {unknown}


   Skills:
 + Level 2.1 Staves
 - Level 1.6 Dodging
 - Level 3.0 Stealth
 - Level 2.0 Spellcasting
 * Level 2.2 Conjurations
 - Level 2.0 Transmutations
 * Level 6.2 Earth Magic


You had 5 spell levels left.
You knew the following spells:

 Your Spells              Type           Power      Damage    Failure   Level
a - Sandblast             Erth           64%        2d14      1%          1
b - Stone Arrow           Conj/Erth      68%        3d11      6%          3

Your spell library contained the following spells:

 Spells                   Type           Power      Damage    Failure   Level
 Passwall                 Tmut/Erth      18%        N/A       3%          2
 Petrify                  Tmut/Erth      22%        N/A       22%         4
 Ozocubu's Armour         Ice            2%         N/A       34%         3
 Metabolic Englaciation   Hex/Ice        1%         N/A       97%         5
 Simulacrum               Ice/Necr       1%         N/A       100%        6


Dungeon Overview and Level Annotations

Branches:
Dungeon (5/15)
 Temple: D:4-7

Altars:
Cheibriados
Uskayaw
Xom
The Shining One

Annotations:
D:2 1 runed translucent door, Crazy Yiuf
D:3 2 runed translucent doors, khekkus's ghost, amateur MfTm
D:4 Edmund


Innate Abilities, Weirdness & Mutations

You are immune to sickness and miasma.
Your stone body is resilient. (AC +4)
You are immune to poison.
You resist negative energy. (rN+)
You are resistant to electric shocks. (rElec)
You are resistant to unholy torment.
You are immune to petrification.


Message History

Edmund is moderately wounded.
Edmund shouts!
Casting: Stone Arrow (dangerous; 6% risk of failure)
Confirm with . or Enter, or press ? or * to list all spells.
Aiming: Stone Arrow (dangerous; 6% risk of failure)
Press: ? - help, Shift-Dir - straight line, f/p - Edmund
Aim: Edmund, wielding a +3 dire flail of holy wrath and wearing a +0 scale mail (moderately wounded, 77% to hit)
You feel a surge of power!
The stone arrow misses Edmund.
Casting: Stone Arrow (dangerous; 6% risk of failure)
Confirm with . or Enter, or press ? or * to list all spells.
Aiming: Stone Arrow (dangerous; 6% risk of failure)
Press: ? - help, Shift-Dir - straight line, f/p - Edmund
Aim: Edmund, wielding a +3 dire flail of holy wrath and wearing a +0 scale mail (moderately wounded, 77% to hit)
You feel a surge of power!
The stone arrow hits Edmund!
Edmund is heavily wounded.
Casting: Stone Arrow (dangerous; 6% risk of failure)
Confirm with . or Enter, or press ? or * to list all spells.
You don't have enough magic to cast this spell.
You barely miss Edmund. You punch Edmund, but do no damage.
Edmund is heavily wounded.
Edmund hits you with a +3 dire flail of holy wrath.
You hit Edmund.
Edmund is heavily wounded.
Edmund misses you.
You hit Edmund.
Edmund is heavily wounded.
Edmund hits you with a +3 dire flail of holy wrath!
You aren't carrying any items that you can evoke.
As you read the scroll labelled NUDGHO ATAMN, it crumbles to dust.
You feel strangely unstable.
It was a scroll of teleportation.
Edmund hits you but does no damage.
You hit Edmund but do no damage.
Edmund is heavily wounded.
Edmund hits you with a +3 dire flail of holy wrath.
You barely miss Edmund.
Edmund is heavily wounded.
Edmund hits you with a +3 dire flail of holy wrath.
Edmund gestures with his flail.
Edmund hits you with a +3 dire flail of holy wrath!
You die...

.....
###.###.'..'###+###'..'.
....#
........#..#.'...'.#..#.
...##
###.##..#..#.#...#.#..##
.#..# .
......#.'##+.#._.#.'##+.
##....#
#.....###..#.#...#.#..##
##.....
......###..#.+...+.#..#.
.......
........'..+###+###+†.+.
##.....
........#..#.......#..#.
[..
.......@#..#.......#..#.
.
.......@###'###+###'###.
......#...#.............
.########.######........
##.. ..##........
#....#.##........
#....#.########.#
#.....<### #.# #...# ...


You could see Edmund.

Vanquished Creatures
  A phantom (D:4)
  A howler monkey (D:5)
  A hound (D:4)
  Terence (D:2)
  A gnoll (D:1)
  6 adders
  2 dart slugs
  4 orcs (D:3)
  10 endoplasms
  3 giant cockroaches
  4 hobgoblins
  6 kobolds
  3 quokkas
  6 ball pythons
  5 bats
  3 frilled lizards
  4 goblins
  3 rats
64 creatures vanquished.

Notes
Turn   | Place    | Note
-------+----------+-------------------------------------------
     0 | D:1      | Kold the Gargoyle Earth Elementalist began the quest for
                  | the Orb.
     0 | D:1      | Reached XP level 1. HP: 10/10 MP: 3/3
   127 | D:1      | Reached skill level 1 in Transmutations
   127 | D:1      | Reached XP level 2. HP: 15/15 MP: 0/5
   190 | D:1      | Reached skill level 4 in Earth Magic
   642 | D:1      | Reached XP level 3. HP: 19/19 MP: 4/6
  1055 | D:2      | Found a glowing golden altar of the Shining One.
  1515 | D:2      | Noticed Terence
  1527 | D:2      | Killed Terence
  1528 | D:2      | Reached XP level 4. HP: 13/24 MP: 0/7
  1780 | D:2      | Reached skill level 5 in Earth Magic
  2135 | D:2      | Found a runed translucent door.
  2136 | D:2      | Noticed Crazy Yiuf
  2258 | D:2      | Reached skill level 1 in Staves
  2357 | D:3      | Reached XP level 5. HP: 23/28 MP: 2/8
  2473 | D:3      | Found a large runed translucent door.
  2473 | D:3      | Found a large runed translucent door.
  2478 | D:3      | Noticed khekkus's ghost (amateur MfTm)
  2648 | D:3      | Learned a level 3 spell: Stone Arrow
  2904 | D:4      | Noticed a lemure
  2944 | D:4      | Noticed a lemure
  2945 | D:4      | Reached skill level 1 in Conjurations
  3041 | D:5      | Entered Level 5 of the Dungeon
  3045 | D:5      | Reached XP level 6. HP: 32/32 MP: 7/9
  3077 | D:4      | Noticed Edmund
  3115 | D:5      | Found a hide-covered altar of Uskayaw.
  3189 | D:4      | Found a snail-covered altar of Cheibriados.
  3196 | D:4      | Reached skill level 6 in Earth Magic
  3387 | D:4      | Found a shimmering altar of Xom.
  3425 | D:4      | Slain by Edmund

Illustrated notes

Levels and vault maps discovered:
D:1:      shiori_arrival_oz, layout_loops_ring, amethyst_killhole,
          minmay_ruptured
D:2:      layout_basic, basic_altar, uniq_terence, uniq_crazy_yiuf_cottage
D:3:      layout_rooms, ebering_ghost_disaster_area, grunt_ministairs_9
D:4:      minmay_razor_zed, layout_basic, mainiacjoe_overflow_tiny_flanked,
          mainiacjoe_overflow_24_doors, minmay_strange_pillars,
          roderic_serpentine_path, uniq_edmund, uniq_pikel
D:5:      layout_gridville, nicolae_uskayaw_murder_on_the_dancefloor,
          grunt_temple_overflow_gold_and_silver, serial_shops, shop_statue,
          minmay_misc_feat_square, kennysheep_pointless_box,
          minmay_misc_feat_enclosed, corexii_checkpoint_a

Skill      XL: |  1  2  3  4  5  6 |
---------------+-------------------+-----
Transmutations | 1 2 |  2.0
Earth Magic    | 4 5 6 |  6.2
Stealth        | 3 |  3.0
Staves         | 1 2 |  2.1
Conjurations   | 1 2 |  2.2
Dodging        | |  1.6
Spellcasting   | |  2.0

Action                   |  1- 3 |  4- 6 || total
-------------------------+-------+-------++-------
Melee: Unarmed           |     5 |       ||     5
       Staff             |     6 |    12 ||    18
       Dagger            |     2 |       ||     2
       Punch             |     1 |     1 ||     2
 Cast: Sandblast         |    43 |    43 ||    86
       Stone Arrow       |       |     5 ||     5
  Use: Scroll            |       |     1 ||     1
Armor: Robe              |     6 |    13 ||    19
Dodge: Dodged            |    17 |    36 ||    53
